Map: Nightscape LE

Players

Massa

  • Race: Terran Terran
  • League: Platinum
  • Spawn Location: 1:00

qqq

  • Race: Zerg Zerg
  • Spawn Location: 1:00

Bigfoot - Winner!

  • Race: Protoss Protoss
  • League: Diamond
  • Spawn Location: 7:00

Brugen - Winner!

  • Race: Zerg Zerg
  • League: Diamond
  • Spawn Location: 7:00

VOD

Have the link to the VOD?

Description

Time

  • Played on: Oct. 5, 2020, 4:24 p.m.
  • Length: 10:52
Show
View Real Time Build Order
Export as new Build Order

Massa Terran 

Build Orders: Gas First Reaper Expand 

Get SALT Encoding   

  12  0:00  SCV  
  13  0:12  SCV  
  14  0:22  Supply Depot  
  14  0:24  SCV  
  15  0:34  Refinery  
  15  0:44  SCV  
  15  0:45  Barracks  
  16  0:56  SCV  
  17  1:08  SCV  
  18  1:20  SCV  
  19  1:32  Orbital Command  
  19  1:33  Reaper  
  20  1:46  Command Center  
  20  2:03  SCV  
  20  2:05  Marine  
  20  2:07  Factory  
  22  2:30  SCV  
  22  2:33  Supply Depot  
  22  2:35  Barracks Reactor  
  23  2:54  Supply Depot  
  23  2:55  SCV  
  23  2:56  Supply Depot  
  24  3:00  Orbital Command  
  24  3:09  Starport  
  24  3:24  SCV  
  24  3:25  Command Center  
  25  3:36  SCV  
  25  3:37  Hellion x2  
  25  3:39  Marine  
  29  3:48  SCV  
  29  3:53  SCV  
  31  3:58  Barracks Tech Lab, Hellion  
  31  4:00  SCV  
  34  4:12  Hellion  
  34  4:13  SCV x2  
  38  4:20  Hellion  
  38  4:33  Hellion  
  40  4:45  Marauder, Concussive Shells  
  42  4:47  Orbital Command, SCV x2  
  42  4:52  Barracks  
  44  4:55  Barracks, Medivac  
  44  4:59  SCV  
  48  5:00  SCV  
  48  5:06  Marauder  
  48  5:25  Medivac  
  46  5:37  Widow Mine x2  
  46  5:39  Marauder  
  52  5:43  Marine  
  52  5:44  Marine  
  52  5:55  Refinery  
  52  5:57  Refinery, SCV  
  52  5:58  Widow Mine x2, SCV x2  
  52  6:00  Marine  
  52  6:01  Barracks x2, Marine  
  52  6:02  Marine  
  62  6:09  SCV  
  63  6:18  Marine  
  63  6:19  Marine x2  
  63  6:20  Hellion x2  
  70  6:36  Marine  
  70  6:37  Marine x2  
  67  6:53  Medivac  
  69  6:54  Marauder  
  69  6:55  Barracks Reactor, Barracks Tech Lab, Marine x2  
  73  7:06  Refinery  
  73  7:07  Orbital Command  
  73  7:12  Marine  
  73  7:13  Marine  
  77  7:16  Marauder  
  74  7:30  Marine  
  74  7:31  Marine  
  72  7:37  Marauder  
  60  7:48  Marine x2  
  61  7:58  Marauder  
  61  7:59  SCV x3  
  64  8:10  Stimpack  
  64  8:11  SCV x3  
  64  8:12  Barracks Tech Lab  
  67  8:13  Combat Shield  
  69  8:20  Marauder  
  69  8:23  SCV x3  
  72  8:32  Marauder, Marine  
  75  8:35  SCV x2  
  77  9:07  Engineering Bay  
  77  9:37  SCV  
  77  9:53  Missile Turret  
  77  9:54  Missile Turret  
  77  10:02  Supply Depot x2  
  77  10:03  Supply Depot  
  77  10:15  Barracks, Missile Turret  
  77  10:16  SCV  
  77  10:18  Barracks Reactor  
  77  10:20  Factory Tech Lab  
  77  10:23  SCV x2, Marauder  
  77  10:24  Marauder  
  81  10:29  SCV  
  64  10:35  SCV  
Show
View Real Time Build Order
Export as new Build Order

qqq Zerg 

Build Orders: Hatch First 

Get SALT Encoding   

  12  0:01  Drone  
  13  0:12  Drone  
  14  0:38  Hatchery  
  13  0:43  Drone  
  14  0:58  Spawning Pool  
  13  1:11  Overlord  
  13  1:12  Drone  
  13  1:15  Extractor  
  13  1:18  Drone  
  14  1:33  Drone  
  16  1:40  Drone  
  16  1:45  Queen  
  16  1:46  Drone  
  19  1:55  Drone  
  19  1:58  Queen  
  22  2:05  Drone  
  22  2:07  Drone  
  24  2:18  Drone  
  24  2:20  Drone  
  26  2:23  Overlord  
  26  2:32  Metabolic Boost  
  26  2:34  Zergling x2  
  26  2:36  Drone  
  28  2:45  Extractor, Zergling x2  
  29  2:51  Drone x2  
  29  2:53  Zergling x2  
  29  2:57  Zergling x6  
  34  2:59  Drone  
  35  3:08  Zergling x2  
  35  3:09  Overlord  
  36  3:17  Overlord  
  36  3:18  Overlord  
  36  3:23  Overlord  
  36  3:37  Zergling x8  
  36  3:38  Zergling x4  
  40  3:48  Queen  
  38  3:54  Zergling x6  
  40  4:09  Zergling x2  
  41  4:10  Zergling x6  
  41  4:11  Zergling x4  
  46  4:20  Evolution Chamber  
  46  4:21  Drone  
  46  4:34  Hatchery  
  45  4:46  Zergling x8  
  45  4:47  Zergling x6  
  44  5:01  Zergling x4  
  44  5:02  Drone  
  47  5:10  Zerg Melee Weapons Level 1  
  47  5:11  Lair  
  47  5:14  Zergling x2  
  47  5:15  Drone  
  39  5:37  Zergling x2  
  39  5:38  Zergling x2  
  41  5:50  Extractor, Zergling x6  
  41  5:51  Roach Warren  
  41  5:52  Drone x3  
  41  5:53  Zergling x6  
  41  5:54  Zergling x2  
  49  6:00  Drone  
  50  6:04  Drone  
  50  6:25  Zergling x6  
  48  6:26  Zergling x8  
  50  6:33  Drone  
  50  6:35  Drone x4  
  55  6:43  Glial Reconstitution  
  55  6:46  Queen  
  56  6:50  Drone x3  
  59  6:54  Drone x2  
  59  6:59  Hatchery  
  60  7:09  Roach  
  60  7:10  Roach x4  
  60  7:12  Drone x2  
  60  7:15  Overseer  
  67  7:27  Drone  
  67  7:29  Pneumatized Carapace  
  67  7:36  Zerg Melee Weapons Level 2, Spore Crawler  
  58  7:52  Roach x5  
  58  7:53  Roach x2  
  58  7:55  Drone  
  70  8:05  Drone x3  
  69  8:08  Queen  
  68  8:24  Hydralisk Den  
  68  8:25  Overseer  
  68  8:26  Drone x5  
  70  8:50  Roach  
  70  8:51  Overlord x5  
  72  9:08  Drone  
  72  9:09  Infestation Pit  
  73  9:10  Drone x3  
  73  9:11  Drone  
  73  9:13  Drone, Hatchery  
  73  9:15  Drone  
  73  9:17  Drone  
  78  9:19  Extractor  
  78  9:24  Extractor, Drone x2  
  77  9:25  Drone  
  77  9:26  Drone  
  77  9:30  Drone x2  
  82  9:32  Drone  
  83  9:43  Spire  
  83  9:44  Drone  
  83  9:46  Roach x2  
  83  9:47  Roach  
  83  9:50  Roach  
  83  9:52  Roach  
  93  9:54  Roach  
  93  9:56  Drone  
  93  9:59  Roach  
  98  10:00  Roach  
  100  10:08  Roach x4  
  100  10:09  Drone  
  100  10:10  Drone  
  75  10:30  Roach  
  75  10:31  Roach x8  
Show
View Real Time Build Order
Export as new Build Order

Bigfoot Protoss - Winner!

Build Orders: 1 Gate Expand, Mass Adepts 

Get SALT Encoding   

  12  0:00  Probe  
  13  0:12  Probe  
  14  0:19  Pylon  
  14  0:24  Probe  
  15  0:37  Probe (Chrono Boost)  
  15  0:38  Gateway  
  16  0:48  Probe (Chrono Boost)  
  17  0:50  Assimilator  
  17  0:53  Probe (Chrono Boost)  
  18  1:03  Probe  
  19  1:15  Probe  
  20  1:27  Cybernetics Core  
  20  1:37  Nexus  
  20  1:49  Probe  
  21  1:55  Assimilator  
  21  1:57  Pylon  
  21  2:06  Adept (Chrono Boost)  
  23  2:09  Warp Gate (Chrono Boost)  
  23  2:14  Probe (Chrono Boost)  
  23  2:26  Probe (Chrono Boost)  
  24  2:33  Gateway  
  24  2:35  Adept  
  26  2:46  Probe  
  27  2:53  Probe  
  28  2:59  Probe  
  28  3:01  Twilight Council  
  28  3:02  Gateway  
  28  3:05  Probe  
  30  3:11  Probe  
  31  3:17  Probe  
  32  3:23  Probe  
  33  3:29  Probe  
  34  3:35  Probe  
  35  3:41  Probe  
  36  3:55  Resonating Glaives (Chrono Boost)  
  34  4:02  Adept x2  
  34  4:03  Adept  
  34  4:08  Probe x2  
  40  4:12  Pylon  
  40  4:20  Probe (Chrono Boost)  
  40  4:23  Adept  
  40  4:24  Adept  
  46  4:25  Probe (Chrono Boost)  
  46  4:30  Probe (Chrono Boost)  
  47  4:33  Probe (Chrono Boost)  
  47  4:36  Probe  
  47  4:37  Pylon  
  49  4:40  Adept  
  49  4:41  Shield Battery  
  49  4:44  Probe  
  46  4:48  Probe  
  46  4:50  Gateway  
  47  4:53  Adept x2  
  51  5:01  Adept  
  51  5:05  Assimilator  
  53  5:09  Assimilator  
  53  5:12  Dark Shrine  
  53  5:14  Adept x2  
  57  5:28  Gateway  
  57  5:30  Gateway  
  57  5:35  Pylon, Adept x2  
  61  5:38  Probe  
  62  5:52  Robotics Facility  
  62  5:53  Probe x2  
  62  5:54  Pylon  
  64  5:59  Pylon  
  64  6:05  Probe x2  
  64  6:06  Sentry x2  
  70  6:11  Pylon  
  70  6:17  Probe x2  
  70  6:30  Dark Templar  
  70  6:31  Dark Templar x2  
  70  6:32  Dark Templar  
  74  6:49  Probe x2  
  74  6:50  Charge (Chrono Boost)  
  74  6:53  Sentry x2  
  80  6:55  Warp Prism (Chrono Boost)  
  80  7:01  Probe x2  
  84  7:13  Probe  
  84  7:14  Gateway  
  85  7:15  Gateway  
  85  7:17  Pylon  
  85  7:28  Zealot  
  85  7:29  Zealot x4  
  89  7:38  Nexus  
  89  7:40  Dark Templar  
  86  7:52  Dark Templar  
  86  7:57  Pylon  
  88  7:59  Pylon  
  88  8:12  Dark Templar x2  
  92  8:13  Zealot x3  
  98  8:32  Archon  
  98  8:34  Dark Templar  
  98  8:35  Zealot x2  
  98  8:36  Zealot  
  106  8:42  Gateway x2  
  106  8:45  Gateway x2  
  106  8:47  Pylon  
  101  8:48  Pylon  
  101  8:51  Probe x2  
  101  8:54  Dark Templar x2  
  105  9:05  Archon  
  105  9:10  Archon  
  105  9:11  Pylon  
  105  9:13  Zealot x4  
  113  9:27  Assimilator  
  113  9:30  Assimilator  
  113  9:34  Forge  
  113  9:38  Probe  
  113  9:39  Probe x2  
  116  9:51  Probe x3  
  119  10:00  Dark Templar x2  
  119  10:01  Zealot x2  
  119  10:03  Probe x3  
  130  10:12  Photon Cannon  
  130  10:14  Photon Cannon  
  130  10:15  Nexus  
  130  10:17  Pylon  
  130  10:18  Pylon  
  104  10:30  Zealot x4  
  104  10:41  Dark Templar x2  
  106  10:50  Pylon  
Show
View Real Time Build Order
Export as new Build Order

Brugen Zerg - Winner!

Build Orders: Hatch First 

Get SALT Encoding   

  12  0:00  Drone  
  13  0:12  Overlord  
  13  0:18  Drone  
  14  0:43  Hatchery  
  14  0:47  Drone  
  14  0:52  Extractor  
  14  0:54  Drone  
  14  0:58  Drone  
  14  1:03  Drone  
  16  1:09  Drone  
  17  1:27  Spawning Pool  
  17  1:30  Drone  
  17  1:42  Drone x2  
  19  1:53  Overlord  
  19  2:00  Drone  
  20  2:06  Drone x2  
  22  2:14  Metabolic Boost  
  22  2:15  Queen  
  24  2:25  Queen  
  26  2:30  Zergling x2  
  26  2:31  Zergling x2  
  26  2:34  Zergling x2  
  29  2:42  Zergling x6  
  32  2:57  Drone x2  
  32  2:58  Drone  
  35  3:00  Overlord  
  35  3:09  Drone  
  36  3:18  Overlord  
  36  3:19  Drone  
  36  3:36  Zergling x6  
  36  3:37  Zergling x4  
  41  3:46  Zergling x6  
  41  3:47  Zergling x2  
  42  3:58  Drone x2  
  42  4:19  Drone, Lair  
  42  4:20  Roach Warren  
  42  4:21  Drone x3  
  45  4:29  Zergling x2  
  45  4:30  Zergling x12  
  52  4:44  Overlord x2  
  52  4:45  Hatchery  
  51  4:52  Drone  
  52  4:53  Overlord  
  52  4:59  Zergling x8  
  52  5:05  Roach x4  
  55  5:22  Zergling x2  
  55  5:23  Zergling x4  
  55  5:28  Zergling x12  
  53  5:43  Drone x2  
  53  5:44  Drone x2  
  53  5:46  Glial Reconstitution  
  53  5:48  Hatchery  
  56  5:51  Drone, Evolution Chamber  
  56  5:53  Evolution Chamber, Roach x3  
  61  6:10  Overlord x2  
  61  6:12  Drone  
  61  6:13  Drone x2  
  57  6:28  Roach x6  
  57  6:29  Roach  
  69  6:35  Zerg Missile Weapons Level 1  
  69  6:37  Drone  
  69  6:38  Extractor  
  69  6:40  Drone  
  62  6:54  Drone  
  62  6:55  Drone  
  62  6:56  Drone x2  
  62  6:58  Zerg Ground Armor Level 1  
  66  7:11  Drone x3  
  66  7:12  Drone x5  
  74  7:24  Drone x2  
  74  7:25  Drone x3, Queen  
  79  7:44  Roach  
  79  7:45  Roach x6  
  93  7:59  Drone x4, Extractor  
  93  8:00  Extractor  
  93  8:01  Drone x2  
  93  8:03  Hatchery  
  93  8:04  Drone  
  95  8:07  Infestation Pit, Roach x2  
  82  8:19  Drone x2  
  84  8:20  Overlord x2  
  84  8:27  Drone x2  
  84  8:30  Roach x3  
  84  8:31  Roach x3  
  84  8:32  Overlord  
  98  8:38  Queen  
  91  9:05  Extractor x2, Drone x4  
  91  9:06  Drone x4  
  91  9:07  Drone x2  
  99  9:15  Drone  
  100  9:18  Roach x5  
  107  9:40  Drone x5  
  112  9:47  Overlord x2  
  112  9:48  Roach x8  
  128  10:05  Overlord  
  128  10:06  Drone  
  129  10:07  Overlord x2  
  129  10:08  Roach  
  129  10:09  Roach x5  
  141  10:23  Spire  
Tags
 
Add a new tag
Caveats
  • Supply blocks, unpowered buildings, or Contaminate may cause inaccurate times.
  • Supply counts are checked every 10 seconds.